[Event "*** Titled Tuesday Blitz"]
[Site "Chess.com"]
[Date "2021.02.02"]
[Round "1"]
[White "jefferyx"]
[Black "SilviusTiberius"]
[Result "1-0"]
[WhiteElo "2967"]
[BlackElo "2470"]
[TimeControl "180+1"]
[EndTime "10:05:25 PST"]
[Termination "jefferyx won by resignation"]

1. d4 Nf6 2. c4 e6 3. Nc3 d5 4.
Bg5 Be7 5. e3 h6 6. Bh4 O-O 7.
Bd3 c5 8. dxc5 Na6 9. cxd5 Nxc5 10. Bc2 Nxd5 11. Bxe7 Nxe7 12. Qg4 Nd3+ 13. Ke2 e5 14. Qc4 Nxb2 15. Qb3 Be6 16. Qxb2 Rc8 17. Rc1 Qa5 18. Bb3 Rc6 19. Bxe6 Rxe6 20. Nf3 Rb6 21. Qd2 Qa6+ 22. Ke1 Rc6 23. Nxe5 Re6 24. Nf3 Rc8 25. Nd4 Rg6 26.
f3 Qa3 27. Kf2 Rb6 28. Ncb5 1-0

[Event "*** Titled Tuesday Blitz"]
[Site "Chess.com"]
[Date "2021.02.02"]
[Round "1"]
[White "Piotrek1979"]
[Black "PotapovaM"]
[Result "0-1"]
[WhiteElo "2341"]
[BlackElo "2643"]
[TimeControl "180+1"]
[EndTime "10:05:25 PST"]
[Termination "PotapovaM won on time"]

1. e4 c5 2. Nf3 d6 3. d4 cxd4 4.
Qxd4 Nc6 5. Bb5 Bd7 6. Qd3 g6 7. Nc3 Bg7 8. Bg5 Nf6 9. O-O-O O-O 10. e5 Bf5 11. Qe2 Ng4 12. exd6 Qa5 13. dxe7 Rfe8 14. Bxc6 bxc6 15. Nd4 Bd7 16. Bh4 Rab8 17. Nb3 Qf5 18. h3 Ne5 19. Rhe1 Qf4+ 20. Kb1 Qxh4 21. g3 Qb4 22. f4 Nc4 0-1

[Event "*** Titled Tuesday Blitz"]
[Site "Chess.com"]
[Date "2021.02.02"]
[Round "1"]
[White "DrCeltic"]
[Black "Hikaru"]
[Result "0-1"]
[WhiteElo "2478"]
[BlackElo "3185"]
[TimeControl "180+1"]
[EndTime "10:05:27 PST"]
[Termination "Hikaru won by resignation"]

1. e4 d5 2. exd5 Qxd5 3. Nc3 Qa5 4. Nf3 c6 5. Bc4 Bf5 6. O-O e6 7. d4 Nd7 8. Bb3 Ngf6 9. h3 Bd6 10. Nh4 Bg6 11. Re1 O-O-O 12. Qf3 Qc7 13. Bg5 Rde8 14.
a4 Bh5 15. Qd3 h6 16. Bxf6 Nxf6 17. g4 g5 18. Nf3 Bg6 19. Qe2 h5 20. Ne5 hxg4 21.
hxg4 Rh4 22. Nxg6 fxg6 23. f3 Qh7 24. Ne4 Rh1+ 25. Kf2 Rh2+ 26. Ke3 Rxe2+ 27. Rxe2 Nxe4 28. Kxe4 Qf7 29. Rae1 Qf4+ 30. Kd3 e5 31. Re4 Qxf3+ 32. R1e3 Qd1+ 33. Kc3 exd4+ 0-1

[Event "*** Titled Tuesday Blitz"]
[Site "Chess.com"]
[Date "2021.02.02"]
[Round "1"]
[White "NateSolon"]
[Black "manipun1"]
[Result "1-0"]
[WhiteElo "2548"]
[BlackElo "2234"]
[TimeControl "180+1"]
[EndTime "10:05:28 PST"]
[Termination "NateSolon won by resignation"]

1. d4 d6 2. e4 Nf6 3. Nc3 e5 4.
Nf3 Nbd7 5. Bc4 Be7 6. O-O O-O 7. a4 c6 8. Re1 h6 9. b3 Re8 10. Bb2 Bf8 11. Qd2 Qc7 12. Rad1 b6 13. h3 Bb7 14.
Nh4 exd4 15. Qxd4 Nc5 16. Nf5 Ne6 17. Nxh6+ Kh7 18. Bxe6 fxe6 19. Ng4 Nxg4 20. hxg4 e5 21. Qc4 Qe7 22. Re3 Qe6 23. Qe2 Be7 24. Ba3 Rad8 25.
Red3 Kg8 26. Rh3 Rf8 27. Bc1 d5 28. exd5 cxd5 29. g5 e4 30. Qh5 Qf5 31. Be3 d4 32. Rxd4 Rxd4 33. Bxd4 Bxg5 34. Qh8+ Kf7 35. Qxg7+ 1-0

[Event "*** Titled Tuesday Blitz"]
[Site "Chess.com"]
[Date "2021.02.02"]
[Round "1"]
[White "Firstov"]
[Black "K_A_S_T_O_R"]
[Result "0-1"]
[WhiteElo "2394"]
[BlackElo "2755"]
[TimeControl "180+1"]
[EndTime "10:05:30 PST"]
[Termination "K_A_S_T_O_R won by resignation"]

1. b3 c5 2. Bb2 d5 3. e3 a6 4.
f4 Nc6 5. Nf3 Bg4 6. h3 Bxf3 7.
Qxf3 Nf6 8. d3 e6 9. g4 d4 10. e4 e5 11. f5 Nd7 12. Bg2 Be7 13. O-O Bg5 14. Bc1 Bxc1 15. Rxc1 Qg5 16. Rd1 h5 17.
gxh5 Qxh5 18. Qxh5 Rxh5 19. Nd2 Ke7 20. a3 Rah8 21. Nf3 Kd6 22. Kf2 Nf6 23. Rg1 R5h6 24. Bf1 Nh5 25. h4 g6 26. fxg6 Rxg6 27. Rxg6+ fxg6 28. Bh3 Nf4 29. Bg4 b5 30. Rh1 c4 31.
dxc4 bxc4 32. bxc4 Rb8 33. h5 gxh5 34. Bxh5 Rb2 35.
Ne1 d3 36. Ke3 dxc2 37. Kd2 Nd4 38. Bf7 Nb3+ 0-1

[Event "*** Titled Tuesday Blitz"]
[Site "Chess.com"]
[Date "2021.02.02"]
[Round "1"]
[White "Taktikmonster"]
[Black "chessasuke"]
[Result "0-1"]
[WhiteElo "2309"]
[BlackElo "2614"]
[TimeControl "180+1"]
[EndTime "10:05:30 PST"]
[Termination "chessasuke won by resignation"]

1. e4 c5 2. Nf3 e6 3. d4 cxd4 4. Nxd4 Nc6 5. Nc3 a6 6. Be2 Qc7 7. Be3 d6 8. f4 Nf6 9. g4 Be7 10. g5 Nd7 11. Qd2 Na5 12. b3 b5 13. a4 b4 14. Na2 Bb7 15. Bd3 Nc5 16. Qxb4 Nxe4 17.
Bxe4 Bxe4 18. Nxe6 fxe6 19. Qxe4 O-O 20. Qxe6+ Kh8 21. O-O-O Rfc8 22. c3 Rab8 23. b4 Rxb4 24. Kc2 Rxa4 25. f5 Rxa2+ 26. Qxa2 Qxc3+ 27. Kb1 Rb8+ 0-1

[Event "*** Titled Tuesday Blitz"]
[Site "Chess.com"]
[Date "2021.02.02"]
[Round "1"]
[White "Maxim_e2e4"]
[Black "olksuna"]
[Result "0-1"]
[WhiteElo "2378"]
[BlackElo "2704"]
[TimeControl "180+1"]
[EndTime "10:05:32 PST"]
[Termination "olksuna won by resignation"]

1. d4 Nf6 2. Bg5 c5 3. d5 Ne4 4.
Bf4 Qb6 5. Bc1 g6 6. f3 Nd6 7. e4 Bg7 8. c3 O-O 9. Be2 f5 10. exf5 Nxf5 11. Na3 d6 12. Nc4 Qc7 13. f4 b5 14. Ne3 b4 15. cxb4 cxb4 16. Nxf5 Bxf5 17. Nf3 Qb6 18. Bd3 Nd7 19. Bxf5 Rxf5 20. Qe2 Nc5 21. Be3 Bxb2 22. Qxb2 Nd3+ 23. Ke2 Nxb2 24.
Bxb6 axb6 25. Rhb1 Na4 26. Rxb4 Nc3+ 27. Kf2 Nxd5 28.
Rd4 Nxf4 0-1

[Event "*** Titled Tuesday Blitz"]
[Site "Chess.com"]
[Date "2021.02.02"]
[Round "1"]
[White "publicaccountcze"]
[Black "joshdaruca"]
[Result "0-1"]
[WhiteElo "2388"]
[BlackElo "2741"]
[TimeControl "180+1"]
[EndTime "10:05:33 PST"]
[Termination "joshdaruca won on time"]

1. d4 Nf6 2. c4 e6 3. Nc3 d5 4.
cxd5 Nxd5 5. e4 Nxc3 6. bxc3 c5 7. Nf3 cxd4 8. cxd4 Bb4+ 9. Bd2 Bxd2+ 10. Qxd2 O-O 11. Be2 b6 12. O-O Bb7 13. Qe3 Nd7 14. Rfd1 Re8 15. Rac1 Rc8 16. Rxc8 Qxc8 17. Rc1 Qa8 18. Bb5 Rd8 19. Bd3 Rc8 20. Rxc8+ Qxc8 21. Qe2 Nf6 22. Nd2 Qc3 23. e5 Nd5 24. Ne4 Qa1+ 25. Qf1 Qxd4 26. Nd6 Bc6 27. h3 Nf4 28. Qc1 Nxd3 29.
Qxc6 Qxf2+ 30. Kh2 Qf4+ 31. Kg1 Qe3+ 32. Kh1 Qe1+ 33.
Kh2 Qxe5+ 34. Kh1 h6 35. Qc8+ Kh7 36. Qf8 Nf2+ 0-1

[Event "*** Titled Tuesday Blitz"]
[Site "Chess.com"]
[Date "2021.02.02"]
[Round "1"]
[White "Gulkov_Igor"]
[Black "RaneshRatnesan"]
[Result "1-0"]
[WhiteElo "2518"]
[BlackElo "2165"]
[TimeControl "180+1"]
[EndTime "10:05:34 PST"]
[Termination "Gulkov_Igor won by resignation"]

1. Nf3 Nf6 2. c4 g6 3. Nc3 Bg7 4. e4 d6 5. d4 O-O 6. Be2 Nbd7 7.
O-O e5 8. Re1 Re8 9. Bf1 exd4 10. Nxd4 Ne5 11. f3 a6 12. Be3 Rb8 13. Qd2 Bd7 14.
Nb3 Nc6 15. Nd5 Be6 16. Rac1 Nd7 17. Red1 b6 18. Bg5 f6 19. Be3 a5 20. Nd4 Nxd4 21.
Bxd4 Ne5 22. b3 f5 23. exf5 Bxf5 24. Ne3 Bd7 25. f4 Ng4 26. Nxg4 Bxg4 27. Re1 Qd7 28. Bxg7 Qxg7 29. g3 Re6 30. Bg2 Rbe8 31. Bd5 1-0

[Event "*** Titled Tuesday Blitz"]
[Site "Chess.com"]
[Date "2021.02.02"]
[Round "1"]
[White "Ariadna_Atreides"]
[Black "Problematique_99"]
[Result "0-1"]
[WhiteElo "2156"]
[BlackElo "2518"]
[TimeControl "180+1"]
[EndTime "10:05:34 PST"]
[Termination "Problematique_99 won by checkmate"]

1. d4 Nf6 2. Nf3 e6 3. e3 c5 4. Bd3 b6 5. b3 Bb7 6. Bb2 Be7 7. Nbd2 O-O 8. O-O Nc6 9. Ne4 Nxe4 10. Bxe4 d5 11. Bd3 Bf6 12. Ne5 Bxe5 13. dxe5 d4 14. exd4 Nxd4 15. Re1 g6 16. Qd2 Qd5 17. f4 h5 18.
Rad1 Rad8 19. Qf2 Nf5 20. Be2 Qc6 21. Bf3 Qc7 22. Bxb7 Qxb7 23. c4 h4 24. Qc2 h3 25.
g3 Rxd1 26. Rxd1 Ne3 27. Qd2 Nxd1 28. Qxd1 Qg2# 0-1

[Event "*** Titled Tuesday Blitz"]
[Site "Chess.com"]
[Date "2021.02.02"]
[Round "1"]
[White "KaterinaMiroshnik"]
[Black "HackWithBlack"]
[Result "1-0"]
[WhiteElo "2604"]
[BlackElo "2298"]
[TimeControl "180+1"]
[EndTime "10:05:37 PST"]
[Termination "KaterinaMiroshnik won by resignation"]

1. d3 c5 2. Nf3 Nc6 3. Nbd2 d5 4.
e4 dxe4 5. dxe4 Nf6 6. Be2 Bg4 7. O-O e6 8. c3 Be7 9. Qc2 O-O 10. Re1 a6 11.
Nc4 b5 12. Ne3 Bh5 13. Nf1 Bg6 14. Ng3 Qc7 15. Bg5 h6 16. Be3 Rfd8 17. Rad1 Ng4 18. Bc1 c4 19. Nd4 Nge5 20. f4 Nxd4 21. cxd4 Nc6 22.
Be3 Bb4 23. Rf1 Bh7 24. Bf3 Qa7 25. Qf2 Qc7 26. d5 Ne7 27. Bb6 Qb7 28. Bxd8 Rxd8 29.
d6 Nc6 30. e5 Qd7 31. Be4 f6 32. Bxh7+ Kxh7 33. Qc2+ Kh8 34. Qe4 Qa7+ 35. Kh1 Qc5 36. exf6 gxf6 37. Qxe6 1-0

[Event "*** Titled Tuesday Blitz"]
[Site "Chess.com"]
[Date "2021.02.02"]
[Round "1"]
[White "niki_2003"]
[Black "IljaJoke"]
[Result "0-1"]
[WhiteElo "2063"]
[BlackElo "2497"]
[TimeControl "180+1"]
[EndTime "10:05:37 PST"]
[Termination "IljaJoke won by checkmate"]

1. e4 e5 2. Nf3 Nc6 3. Bc4 Bc5 4. c3 Nf6 5. d3 O-O 6. O-O d5 7. exd5 Nxd5 8. Re1 Bg4 9. h3 Bh5 10.
Nbd2 Nb6 11. Bb3 a5 12. Bc2 Re8 13. Ne4 Bd6 14. Be3 Nd5 15. Bd2 Qd7 16. Nxd6 Qxd6 17. c4 Nf6 18. Bc3 Nd4 19. Bxd4 exd4 20. Rxe8+ Rxe8 21. g4 Nxg4 22. hxg4 Bxg4 23. Qd2 Bxf3 24. Qg5 h6 25. Qg3 Qxg3+ 26. fxg3 Re3 27. Kf2 Bg4 28.
Re1 Rxe1 29. Kxe1 c5 30. Kf2 f5 31. a3 Kf7 32. Ba4 Kf6 33. Bd7 b6 34. Bb5 Kg5 35.
b3 f4 36. gxf4+ Kxf4 37. a4 Bf5 38. Ke2 g5 39. Bc6 Kg3 40. Bd5 h5 41. Bf3 Bg4 42. Bxg4 Kxg4 43. Kf2 Kf4 44. Ke2 Kg3 45. Kf1 Kf3 46.
Kg1 Ke3 47. Kh2 Kxd3 48. Kh3 Ke3 49. Kg3 d3 50. Kh3 d2 51. Kg3 d1=Q 52. Kh3 Qg1 53. b4 Kf3 54. b5 Qh1# 0-1

[Event "*** Titled Tuesday Blitz"]
[Site "Chess.com"]
[Date "2021.02.02"]
[Round "1"]
[White "ChessFighter1975"]
[Black "Lukianoo"]
[Result "0-1"]
[WhiteElo "2407"]
[BlackElo "2784"]
[TimeControl "180+1"]
[EndTime "10:05:39 PST"]
[Termination "Lukianoo won by resignation"]

1. d4 Nf6 2. c4 e6 3. Bg5 h6 4. Bh4 Be7 5. Nc3 O-O 6. e4 d6 7. Nf3 c5 8. Be2 cxd4 9. Nxd4 Nc6 10. O-O e5 11. Ndb5 a6 12. Bxf6 Bxf6 13. Nxd6 Be6 14. c5 Nd4 15. Nd5 Bxd5 16. exd5 b6 17. b4 Be7 18. Nc4 bxc5 19. bxc5 Bxc5 20. Nxe5 Qe7 21. Nc6 Qxe2 22. Kh1 Qxd1 23. Rfxd1 Nxc6 24. dxc6 Rac8 25. Rac1 Rxc6 26. Rd3 Re6 27. f4 Rfe8 28. h3 Re1+ 0-1

[Event "*** Titled Tuesday Blitz"]
[Site "Chess.com"]
[Date "2021.02.02"]
[Round "1"]
[White "NMJeevanK"]
[Black "ClauSanLuis"]
[Result "1-0"]
[WhiteElo "2508"]
[BlackElo "2097"]
[TimeControl "180+1"]
[EndTime "10:05:39 PST"]
[Termination "NMJeevanK won by resignation"]

1. e4 c5 2. Nf3 Nc6 3. Bb5 g6 4. c3 Bg7 5. O-O Nf6 6. e5 Nd5 7. d4 cxd4 8. cxd4 O-O 9. Nc3 Nc7 10. Bc4 d5 11. Bd3 Bg4 12. Be3 Ne6 13. Be2 f5 14. h3 Bxf3 15. Bxf3 Nc7 16. Qd2 e6 17. Rac1 Qe7 18. Bg5 Qf7 19. a3 Rfc8 20. Rfe1 Na5 21. Nxd5 Nb3 22. Qe3 Nxd5 23. Qxb3 f4 24. Rxc8+ Rxc8 25. Bxd5 exd5 26. e6 Qf5 27. Qxb7 Re8 28. Qd7 Kf8 29.
Bd8 Bxd4 30. Qxh7 f3 31. e7+ 1-0

[Event "*** Titled Tuesday Blitz"]
[Site "Chess.com"]
[Date "2021.02.02"]
[Round "1"]
[White "IMAghasiyevKamal"]
[Black "Godzillator"]
[Result "1-0"]
[WhiteElo "2614"]
[BlackElo "2314"]
[TimeControl "180+1"]
[EndTime "10:05:40 PST"]
[Termination "IMAghasiyevKamal won on time"]

1. d4 d5 2. c4 c6 3. Nc3 Nf6 4. e3 a6 5. Nf3 Bf5 6. Be2 h6 7. O-O e6 8. b3 Be7 9. Bb2 O-O 10. Bd3 Bxd3 11. Qxd3 b5 12. c5 a5 13. Ne5 Nfd7 14. f4 Qc7 15. a4 b4 16. Ne2 Nxe5 17.
fxe5 Nd7 18. Nf4 Bg5 19. Rf3 Bxf4 20. exf4 f5 21. Kh1 Kf7 22. g4 g6 23. Rg1 Rg8 24.
Rfg3 Raf8 25. Qe2 1-0

[Event "*** Titled Tuesday Blitz"]
[Site "Chess.com"]
[Date "2021.02.02"]
[Round "1"]
[White "DonPreuss"]
[Black "Aradej"]
[Result "0-1"]
[WhiteElo "2215"]
[BlackElo "2540"]
[TimeControl "180+1"]
[EndTime "10:05:40 PST"]
[Termination "Aradej won on time"]

1. d4 Nf6 2. Nc3 d5 3. e4 dxe4 4. f3 e3 5. Bxe3 Bf5 6. Nge2 e6 7. Ng3 Bg6 8. Bd3 c6 9. O-O Be7 10. f4 Bxd3 11. Qxd3 g6 12. Nce4 Nxe4 13. Nxe4 Nd7 14.
c3 O-O 15. Ng3 Bf6 16. f5 exf5 17. Bh6 Re8 18. Nxf5 gxf5 19. Qxf5 Re6 20. Rf3 Kh8 21. Raf1 Qe7 22. Qh5 Rg8 23. Rh3 Re1 24. Bd2 Rxf1+ 25.
Kxf1 Nf8 26. Bh6 Nd7 27. Bf4 Rg7 28. Bh6 Rg6 29. Bf4 Rg7 30. Bh6 Rg8 31. Bf4 Qe4 32.
Be3 Qxg2+ 33. Ke1 Qg6 0-1

[Event "*** Titled Tuesday Blitz"]
[Site "Chess.com"]
[Date "2021.02.02"]
[Round "1"]
[White "Kassimov_B"]
[Black "Saxar85"]
[Result "0-1"]
[WhiteElo "2409"]
[BlackElo "2788"]
[TimeControl "180+1"]
[EndTime "10:05:42 PST"]
[Termination "Saxar85 won on time"]

1. e4 e5 2. Nf3 Nc6 3. d4 exd4 4. Nxd4 Bc5 5. Nb3 Bb4+ 6. c3 Be7 7. Bd3 Nf6 8. O-O O-O 9. c4 Ne5 10. Nc3 d6 11. Nd4 Nxd3 12. Qxd3 Nd7 13. b3 Bf6 14. Bb2 Nc5 15. Qd2 Re8 16. Rfe1 c6 17. Rad1 a5 18. Ba1 Qb6 19. Nc2 Be5 20. Kh1 a4 21. b4 Ne6 22.
a3 h6 23. f3 Qd8 24. Ne2 Qf6 25. Ne3 Qg5 26. f4 Nxf4 27. Ng3 g6 0-1

[Event "*** Titled Tuesday Blitz"]
[Site "Chess.com"]
[Date "2021.02.02"]
[Round "1"]
[White "MrChampion_Coach"]
[Black "A-Fier"]
[Result "0-1"]
[WhiteElo "2438"]
[BlackElo "2851"]
[TimeControl "180+1"]
[EndTime "10:05:43 PST"]
[Termination "A-Fier won by resignation"]

1. d4 Nf6 2. c4 c5 3. d5 e6 4.
Nc3 exd5 5. cxd5 d6 6. Nf3 g6 7. Bf4 Bg7 8. e3 O-O 9. Be2 Na6 10. O-O Nc7 11. h3 Re8 12. a3 Ne4 13. Nxe4 Rxe4 14. Nd2 Rxf4 15. exf4 Nxd5 16. Bc4 Nxf4 17. Qf3 Ne6 18.
Rab1 Rb8 19. Rfd1 b5 20. Bd5 Qc7 21. Ne4 Nd4 22. Nf6+ Kh8 23. Rxd4 cxd4 24. Ne8 Qe7 25. Nxg7 Kxg7 26. Rd1 Qf6 27. Qb3 Bf5 28. a4 a6 29.
axb5 Rxb5 30. Qa2 Bc2 31. Rd2 d3 32. Bc4 Rxb2 33. Qxa6 Rb1+ 34. Kh2 Qf4+ 35. g3 Qxd2 0-1

[Event "*** Titled Tuesday Blitz"]
[Site "Chess.com"]
[Date "2021.02.02"]
[Round "1"]
[White "druskacik"]
[Black "Agoking701"]
[Result "1-0"]
[WhiteElo "2604"]
[BlackElo "2299"]
[TimeControl "180+1"]
[EndTime "10:05:43 PST"]
[Termination "druskacik won by resignation"]

1. d4 Nf6 2. Bg5 e6 3. Nd2 c5 4. Ne4 Be7 5. Bxf6 gxf6 6. dxc5 Bxc5 7. Nxc5 Qa5+ 8. c3 Qxc5 9. Qd4 Qxd4 10. cxd4 b6 11.
e3 Rg8 12. f3 Ba6 13. Rc1 Bxf1 14. Rc8+ Ke7 15. Rxg8 Bb5 16. Ne2 d6 17. Kd2 Be8 18.
Rc1 Nd7 19. Rc7 a5 20. Nc3 a4 21. Rh8 Kd8 22. Rc6 Ke7 23. Ne4 Ne5 24. Rc7+ Kd8 25.
Rxe8+ Kxe8 26. dxe5 1-0

[Event "*** Titled Tuesday Blitz"]
[Site "Chess.com"]
[Date "2021.02.02"]
[Round "1"]
[White "pavet"]
[Black "temiksmozg"]
[Result "0-1"]
[WhiteElo "2305"]
[BlackElo "2614"]
[TimeControl "180+1"]
[EndTime "10:05:45 PST"]
[Termination "temiksmozg won by resignation"]

1. e4 c5 2. Nf3 e6 3. d4 cxd4 4. Nxd4 Nf6 5. Bd3 Nc6 6. Nxc6 dxc6 7. Nd2 e5 8. O-O Be6 9. Qe2 Bc5 10. a4 a5 11. Nc4 Nd7 12. Be3 Qe7 13. f4 Bxc4 14.
Bxc4 exf4 15. Rxf4 Ne5 16. Bb3 O-O-O 17. Raf1 f6 18.
Kh1 Bxe3 19. Qxe3 Qb4 20. h3 Kc7 21. Qg3 Rd7 22. Rf5 Re7 23. Qe3 Rd8 24. R5f2 Qd4 25. Qe1 Qc5 26. Rf5 Rd4 27. Bg8 h6 28. c3 Rd3 29.
Bb3 Red7 30. R5f2 Qe3 31. Re2 Qg3 32. Qc1 Qg5 33. Qe1 Rd2 34. Be6 Rxe2 0-1

[Event "*** Titled Tuesday Blitz"]
[Site "Chess.com"]
[Date "2021.02.02"]
[Round "1"]
[White "KarateBaby"]
[Black "Nozdrachev_Leonid"]
[Result "0-1"]
[WhiteElo "2234"]
[BlackElo "2549"]
[TimeControl "180+1"]
[EndTime "10:05:49 PST"]
[Termination "Nozdrachev_Leonid won by resignation"]

1. b3 Nf6 2. Bb2 d6 3. e3 Nbd7 4. Nf3 g6 5. d4 Bg7 6. Be2 O-O 7. c4 c6 8. Nc3 Qc7 9. Qc2 e5 10. O-O-O a5 11. a3 Rb8 12. Kb1 Re8 13. Rhg1 Nf8 14.
Ka1 b5 15. dxe5 dxe5 16. c5 b4 17. Na4 bxa3 18. Bxa3 Bf5 19. Qd2 Rxb3 20. Bb2 Ne4 21. Qc1 Reb8 22. Nb6 Nxf2 23. Rd6 R8xb6 24. cxb6 Qxd6 25.
Bc4 Rb4 26. g4 Nd3 27. Qc3 Nxb2 28. Ba2 Be6 29. b7 Rxb7 0-1

[Event "*** Titled Tuesday Blitz"]
[Site "Chess.com"]
[Date "2021.02.02"]
[Round "1"]
[White "SanchezKelvin"]
[Black "MuhittinBuker"]
[Result "0-1"]
[WhiteElo "2494"]
[BlackElo "2147"]
[TimeControl "180+1"]
[EndTime "10:05:49 PST"]
[Termination "MuhittinBuker won by resignation"]

1. d4 Nf6 2. c4 e6 3. Nf3 b6 4. g3 Ba6 5. Qc2 Be7 6. Bg2 c6 7.
O-O O-O 8. Re1 d5 9. Ne5 Nfd7 10. Nxd7 Nxd7 11. b3 Rc8 12. Bb2 Bf6 13. Nd2 e5 14. e4 exd4 15. exd5 cxd5 16. Bxd5 Nc5 17. Ne4 Nxe4 18. Qxe4 b5 19. cxb5 Bxb5 20. Rad1 d3 21. Bxf6 Qxf6 22. Bc4 Bxc4 23. bxc4 Qc3 24. Rxd3 Qxc4 25.
Ra3 Qc5 26. Qe7 a5 27. Re5 Qxe7 28. Rxe7 Rc5 29. Ra7 Re8 30. R3xa5 Rxa5 31. Rxa5 g6 32. Re5 Rxe5 0-1

[Event "*** Titled Tuesday Blitz"]
[Site "Chess.com"]
[Date "2021.02.02"]
[Round "1"]
[White "Twitch_ElhamBlitz05"]
[Black "dosto07"]
[Result "1-0"]
[WhiteElo "2857"]
[BlackElo "2440"]
[TimeControl "180+1"]
[EndTime "10:05:50 PST"]
[Termination "Twitch_ElhamBlitz05 won by resignation"]

1. e4 e5 2. Nc3 Nf6 3. Bc4 Bc5 4. d3 Nc6 5. f4 exf4 6. Bxf4 d6 7.
Nf3 Nd4 8. Qd2 Bg4 9. Rf1 Nxf3+ 10. gxf3 Bh3 11. Rh1 Bd4 12. O-O-O c6 13. Be3 Qb6 14. Bxd4 Qxd4 15. Rhg1 Be6 16. Rxg7 Nxe4 17. Qh6 Nxc3 18. Bxe6 Ne2+ 19. Kd2 Rf8 20. Kxe2 Qe5+ 21. Kd2 fxe6 22. Re1 Qf4+ 23. Qxf4 Rxf4 24. Rxe6+ Kf8 25. Rxh7 Kg8 26. Rxb7 Rxf3 27. Rxd6 Raf8 28. Rxc6 Rf2+ 29. Kc3 Rg2 30. Rxa7 Rxh2 31. Rac7 1-0

[Event "*** Titled Tuesday Blitz"]
[Site "Chess.com"]
[Date "2021.02.02"]
[Round "1"]
[White "lelajavakhishvili"]
[Black "mirochka"]
[Result "1-0"]
[WhiteElo "2533"]
[BlackElo "2202"]
[TimeControl "180+1"]
[EndTime "10:05:50 PST"]
[Termination "lelajavakhishvili won by checkmate"]

1. d4 Nf6 2. c4 e6 3. Nf3 d5 4.
Nc3 Be7 5. g3 dxc4 6. Bg2 Nc6 7.
Qa4 O-O 8. Qxc4 Na5 9. Qa4 c5 10. dxc5 Bxc5 11. O-O Bd7 12. Qc2 Bc6 13. Bf4 Rc8 14.
Rad1 Qb6 15. Ne5 Bxg2 16. Kxg2 Rfd8 17. Bg5 Rxd1 18. Rxd1 Bxf2 19. Bxf6 gxf6 20. Nd7 Qc6+ 21. Kxf2 Kg7 22. Qe4 Qxe4 23. Nxe4 Rc2 24. Rd2 Rc7 25. Nexf6 Nc4 26. Rd4 b5 27. Rg4+ Kh6 28. h4 Nd6 29. Ng8+ Kh5 30. Rg5# 1-0

[Event "*** Titled Tuesday Blitz"]
[Site "Chess.com"]
[Date "2021.02.02"]
[Round "1"]
[White "zmeeed67"]
[Black "VladimirPotkin"]
[Result "0-1"]
[WhiteElo "2367"]
[BlackElo "2683"]
[TimeControl "180+1"]
[EndTime "10:05:51 PST"]
[Termination "VladimirPotkin won by resignation"]

1. e4 c5 2. g3 d5 3. exd5 Qxd5 4.
Qf3 Qe5+ 5. Qe3 Qc7 6. Nc3 e6 7. Bg2 Nf6 8. Nf3 Nc6 9. O-O Be7 10. d3 O-O 11. Re1 Nb4 12. Qd2 Nfd5 13. a3 Nxc3 14. Qxc3 Nd5 15. Qd2 b6 16. Qe2 Bb7 17. Bg5 Rad8 18.
Bxe7 Nxe7 19. Ne5 Bxg2 20. Kxg2 Rd5 21. Nc4 Nf5 22. Rac1 Nd4 23. Qg4 h5 24. Qe4 Rfd8 25. h4 b5 26. Ne3 R5d7 27. c3 Nc6 28. Rcd1 a6 29. Qf3 g6 30. Qe2 Ne5 31. d4 cxd4 32.
cxd4 Rxd4 33. Rxd4 Rxd4 34. Nc2 Qc6+ 35. f3 Nxf3 36. Qxf3 Rd2+ 37. Re2 Rxe2+ 0-1

[Event "*** Titled Tuesday Blitz"]
[Site "Chess.com"]
[Date "2021.02.02"]
[Round "1"]
[White "MarcoRiehle"]
[Black "ljuks68"]
[Result "0-1"]
[WhiteElo "2686"]
[BlackElo "2392"]
[TimeControl "180+1"]
[EndTime "10:05:52 PST"]
[Termination "ljuks68 won by resignation"]

1. e4 e6 2. c4 d5 3. cxd5 exd5 4. Qb3 Nf6 5. e5 Ne4 6. Nc3 Nxc3 7. bxc3 Be7 8. d4 O-O 9. f4 c5 10. Nf3 Nc6 11. Ba3 c4 12. Qb2 Bf5 13. Bxe7 Qxe7 14. Be2 b5 15. O-O b4 16. Nd2 bxc3 17. Qxc3 Qb4 18.
Qxb4 Nxb4 19. Bf3 Rfd8 20. g4 Bd3 21. Rf2 Nc2 22. Rd1 Nxd4 23. f5 Rab8 24. Nf1 Nxf3+ 25. Rxf3 Be2 26. Re3 Bxd1 27. e6 fxe6 28. fxe6 Bxg4 29. h3 Bxe6 30. Rxe6 d4 31. Rc6 c3 32. Kf2 Rb2+ 33. Kf3 Rf8+ 34. Kg3 0-1

[Event "*** Titled Tuesday Blitz"]
[Site "Chess.com"]
[Date "2021.02.02"]
[Round "1"]
[White "IDontWannaRecognized"]
[Black "JAAC2002"]
[Result "1-0"]
[WhiteElo "2232"]
[BlackElo "2509"]
[TimeControl "180+1"]
[EndTime "10:05:52 PST"]
[Termination "IDontWannaRecognized won by checkmate"]

1. d4 Nf6 2. Bf4 d6 3. Nc3 g6 4. e4 c6 5. Qd2 b5 6. f3 Nbd7 7. Bh6 Bxh6 8. Qxh6 Qa5 9. Qd2 Nb6 10.
Bd3 Na4 11. Nxa4 Qxa4 12. Ne2 e5 13. dxe5 dxe5 14. Qc3 O-O 15. Qxc6 Be6 16. Qxb5 Qxb5 17. Bxb5 Rab8 18. a4 a6 19. Bxa6 Rxb2 20. Bd3 Nd7 21.
Kf2 Nc5 22. a5 Nxd3+ 23. cxd3 Rc8 24. Rhb1 Rd2 25. a6 Rcc2 26. Re1 Bc8 27. a7 Bb7 28. a8=Q+ Bxa8 29. Rxa8+ Kg7 30. Ke3 Rb2 31. Ra5 Kf6 32. g4 h6 33. h4 Rdc2 34. g5+ hxg5 35. hxg5+ Kxg5 36. Rxe5+ Kf6 37. Ra5 Rb3 38. f4 Rbb2 39. Ra6+ Kg7 40. e5 Rb4 41. Rd6 Rb8 42. f5 gxf5 43.
Rg1+ Kf8 44. Nd4 Rh2 45. Nxf5 Rh3+ 46. Ke4 Rb4+ 47. d4 Rb2 48. Rd8# 1-0

[Event "*** Titled Tuesday Blitz"]
[Site "Chess.com"]
[Date "2021.02.02"]
[Round "1"]
[White "ErikRonka"]
[Black "GOGIEFF"]
[Result "0-1"]
[WhiteElo "2464"]
[BlackElo "2910"]
[TimeControl "180+1"]
[EndTime "10:05:54 PST"]
[Termination "GOGIEFF won on time"]

1. e4 c5 2. Nf3 d6 3. d4 cxd4 4. Nxd4 Nf6 5. Nc3 a6 6. Be3 e6 7.
f3 b5 8. Qd2 h5 9. Be2 Nbd7 10.
O-O Bb7 11. a3 Rc8 12. Rad1 Be7 13. Kh1 h4 14. Rfe1 h3 15. g3 d5 16. exd5 Nxd5 17. Nxd5 Bxd5 18. Nf5 Ne5 19. Rf1 O-O 20. Bd4 Bf6 21.
Qf4 Ng6 22. Bxf6 Qxf6 23. Nh6+ Kh7 24. Qxf6 gxf6 25. Ng4 Rxc2 26. Nxf6+ Kg7 27. Bd3 Rxb2 28. Nxd5 exd5 29. Bxg6 fxg6 30. Rxd5 Rxf3 31. Rd7+ Kh6 32. Rc1 Rff2 0-1

[Event "*** Titled Tuesday Blitz"]
[Site "Chess.com"]
[Date "2021.02.02"]
[Round "1"]
[White "FlySooHigh"]
[Black "KubaGepard"]
[Result "1-0"]
[WhiteElo "2606"]
[BlackElo "2308"]
[TimeControl "180+1"]
[EndTime "10:05:54 PST"]
[Termination "FlySooHigh won by resignation"]

1. e4 c5 2. Nf3 d6 3. Nc3 Nf6 4. e5 dxe5 5. Nxe5 Nbd7 6. d4 Nxe5 7. dxe5 Qxd1+ 8. Kxd1 Ng4 9. Bb5+ Bd7 10. e6 fxe6 11. Bxd7+ Kxd7 12. Ne4 Kc6 13. f3 Nf6 14. Ng5 g6 15. Nxe6 Rg8 16. Re1 Bg7 17. c4 Bh8 18. Bh6 Ne8 19. Kc2 Nd6 20. Kb3 a6 21. Rac1 Rac8 22.
a4 b5 23. cxb5+ axb5 24. Rxc5+ Kb7 25. axb5 Rxc5 26. Nxc5+ Kb6 27. Nd7+ Kxb5 28. Rxe7 Nf5 29. Rxh7 Re8 30. Bd2 Nd4+ 31. Ka2 Ra8+ 32. Kb1 Nb3 33. Bc3 Bxc3 34. bxc3 Re8 35. Kc2 Nc5 36. Nxc5 Kxc5 37. Kd3 Rd8+ 38. Ke3 Kc4 39. Rc7+ Kb3 40. Kf4 1-0